[ AOE2 MATCH · #495718140 ]
UnrankedMalay vs Armenians
Player's team · WIN
Rival team · LOSS
[ REPLAY ANALYSIS · EXTRACTED FROM THE RECORDED GAME ]
Feudal
8:48
Castle
19:21
Imperial
—
| APM avg | 55.4 |
| APM peak | 84 |
| eAPM avg | 23.0 |
| Villagers / military | 81 / 57 |
Focus
⚔️ 40.4% · 🌾 59.6%
Karambit Warrior ×33 · Archer ×15 · Scorpion ×3 · Mangonel ×2 · Battering Ram ×2 · Monk ×1
Feudal
8:53
Castle
21:07
Imperial
—
| APM avg | 120.3 |
| APM peak | 214 |
| eAPM avg | 45.3 |
| Villagers / military | 83 / 46 |
Focus
⚔️ 60.3% · 🌾 39.7%
Archer ×29 · Skirmisher ×13 · Mangonel ×2 · Spearman ×2
Match map
Initial resources + every placement click. Lines = walls · curves = elevation contours. ◆ gold · ⬟ stone · ● berries · ✦ relic · ◌ wall gap
Your base· Open — opponent sealed themselves in
Itz_Zenta's base· ✓ Closed at 21:07 · 74t walls · no gate
Smoothed initial terrain · ◌ = detected wall gap · hover for details
Inputs per minute
— buddybadi - - Itz_Zenta
Build order — buddybadi
First 150 of 238 actions detected
| 0:00 | Queue | Villager (Male) |
| 0:01 | Queue | Villager (Male) |
| 0:01 | Queue | Villager (Male) |
| 0:02 | Build | House |
| 0:03 | Build | House |
| 0:31 | Queue | Villager (Male) |
| 1:28 | Queue | Villager (Male) |
| 2:01 | Queue | Villager (Male) |
| 2:20 | Queue | Villager (Male) |
| 2:29 | Build | Mill |
| 2:50 | Queue | Villager (Male) |
| 3:13 | Queue | Villager (Male) |
| 3:30 | Queue | Villager (Male) |
| 3:51 | Build | House |
| 3:59 | Queue | Villager (Male) |
| 3:59 | Queue | Villager (Male) |
| 4:32 | Queue | Villager (Male) |
| 4:43 | Queue | Villager (Male) |
| 5:14 | Build | Lumber Camp |
| 5:37 | Queue | Villager (Male) |
| 5:51 | Build | House |
| 6:06 | Queue | Villager (Male) |
| 6:32 | Queue | Villager (Male) |
| 7:00 | Research | Loom |
| 7:23 | Research | Feudal Age |
| 7:56 | Build | Barracks |
| 8:48 | Age | Feudal Age |
| 8:51 | Queue | Villager (Male) |
| 8:52 | Research | Double-Bit Axe |
| 8:57 | Build | Archery Range |
| 9:00 | Queue | Villager (Male) |
| 9:13 | Build | Mining Camp |
| 9:30 | Queue | Villager (Male) |
| 9:39 | Research | Double-Bit Axe |
| 9:42 | Build | House |
| 9:53 | Queue | Villager (Male) |
| 9:54 | Queue | Archer |
| 10:13 | Queue | Spearman |
| 10:33 | Queue | Villager (Male) |
| 10:44 | Build | Mill |
| 10:53 | Build | House |
| 10:57 | Queue | Archer |
| 10:58 | Queue | Villager (Male) |
| 11:04 | Build | Farm |
| 11:07 | Build | Farm |
| 11:16 | Build | House |
| 11:19 | Build | Palisade Wall |
| 11:23 | Queue | Villager (Male) |
| 11:24 | Queue | Archer |
| 11:32 | Build | Palisade Wall |
| 11:40 | Build | Farm |
| 11:41 | Queue | Villager (Male) |
| 11:43 | Build | Farm |
| 12:00 | Queue | Villager (Male) |
| 12:05 | Build | House |
| 12:10 | Queue | Archer |
| 12:32 | Queue | Villager (Male) |
| 12:45 | Queue | Archer |
| 12:52 | Queue | Villager (Male) |
| 13:06 | Queue | Archer |
| 13:10 | Build | Farm |
| 13:11 | Build | Farm |
| 13:11 | Build | Farm |
| 13:12 | Build | Farm |
| 13:14 | Build | House |
| 13:25 | Build | House |
| 13:26 | Queue | Villager (Male) |
| 13:30 | Build | Palisade Wall |
| 13:39 | Build | Palisade Wall |
| 13:43 | Build | Farm |
| 13:44 | Queue | Villager (Male) |
| 13:50 | Queue | Archer |
| 13:56 | Queue | Villager (Male) |
| 14:23 | Queue | Archer |
| 14:50 | Queue | Villager (Male) |
| 14:56 | Build | Palisade Wall |
| 14:58 | Build | Blacksmith |
| 15:10 | Queue | Villager (Male) |
| 15:15 | Build | Mining Camp |
| 15:33 | Queue | Villager (Male) |
| 15:39 | Research | Fletching |
| 15:49 | Build | Farm |
| 15:57 | Queue | Villager (Male) |
| 15:58 | Queue | Archer |
| 16:01 | Build | Farm |
| 16:01 | Build | Farm |
| 16:24 | Queue | Villager (Male) |
| 16:36 | Build | Palisade Wall |
| 16:49 | Build | Market |
| 16:53 | Queue | Villager (Male) |
| 17:09 | Build | House |
| 17:17 | Queue | Archer |
| 17:18 | Queue | Villager (Male) |
| 17:45 | Research | Castle Age |
| 17:47 | Queue | Archer |
| 18:04 | Research | Horse Collar |
| 18:16 | Queue | Archer |
| 18:37 | Research | Padded Archer Armor |
| 19:11 | Queue | Villager (Male) |
| 19:12 | Queue | Archer |
| 19:21 | Age | Castle Age |
| 19:24 | Research | Crossbowman (upgrade) |
| 19:32 | Build | Siege Workshop |
| 19:37 | Research | Bodkin Arrow |
| 19:45 | Queue | Villager (Male) |
| 19:55 | Build | House |
| 20:03 | Queue | Villager (Male) |
| 20:11 | Queue | Archer |
| 20:17 | Queue | Mangonel |
| 20:22 | Build | Farm |
| 20:23 | Build | Farm |
| 20:34 | Queue | Villager (Male) |
| 21:03 | Queue | Villager (Male) |
| 21:04 | Queue | Villager (Male) |
| 21:05 | Queue | Archer |
| 21:20 | Research | Bow Saw |
| 21:26 | Queue | Villager (Male) |
| 21:30 | Build | Castle |
| 21:39 | Build | Lumber Camp |
| 22:09 | Queue | Villager (Male) |
| 22:28 | Queue | Villager (Male) |
| 22:31 | Queue | Mangonel |
| 22:51 | Queue | Villager (Male) |
| 22:56 | Research | Wheelbarrow |
| 23:00 | Build | House |
| 23:12 | Build | Lumber Camp |
| 23:13 | Queue | Villager (Male) |
| 23:23 | Build | Mining Camp |
| 23:24 | Queue | Karambit Warrior |
| 23:24 | Queue | Karambit Warrior |
| 23:29 | Build | Farm |
| 23:31 | Build | Farm |
| 23:31 | Build | Farm |
| 23:32 | Build | Farm |
| 23:39 | Queue | Scorpion |
| 24:05 | Queue | Villager (Male) |
| 24:08 | Queue | Scorpion |
| 24:12 | Queue | Karambit Warrior |
| 24:12 | Queue | Karambit Warrior |
| 24:39 | Build | Town Center |
| 24:56 | Queue | Villager (Male) |
| 24:58 | Queue | Karambit Warrior |
| 24:58 | Queue | Karambit Warrior |
| 25:00 | Research | Forging |
| 25:09 | Build | Farm |
| 25:20 | Build | Monastery |
| 25:29 | Queue | Villager (Male) |
| 25:34 | Queue | Karambit Warrior |
| 25:34 | Queue | Karambit Warrior |
| 25:35 | Queue | Karambit Warrior |
Build order — Itz_Zenta
First 150 of 225 actions detected
| 0:00 | Queue | Villager (Male) |
| 0:01 | Queue | Villager (Male) |
| 0:02 | Build | House |
| 0:02 | Build | House |
| 0:18 | Queue | Villager (Male) |
| 0:18 | Queue | Villager (Male) |
| 1:12 | Queue | Villager (Male) |
| 1:53 | Queue | Villager (Male) |
| 1:53 | Queue | Villager (Male) |
| 2:27 | Queue | Villager (Male) |
| 2:34 | Queue | Villager (Male) |
| 2:52 | Build | Mule Cart |
| 3:07 | Queue | Villager (Male) |
| 3:16 | Queue | Villager (Male) |
| 3:16 | Queue | Villager (Male) |
| 3:56 | Build | House |
| 4:11 | Queue | Villager (Male) |
| 4:16 | Build | Mill |
| 4:34 | Queue | Villager (Male) |
| 4:49 | Queue | Villager (Male) |
| 4:59 | Queue | Villager (Male) |
| 5:43 | Queue | Villager (Male) |
| 6:09 | Research | Loom |
| 6:20 | Build | Mule Cart |
| 6:43 | Research | Feudal Age |
| 7:56 | Build | Barracks |
| 8:37 | Build | House |
| 8:40 | Queue | Villager (Male) |
| 8:53 | Age | Feudal Age |
| 8:56 | Queue | Spearman |
| 9:09 | Queue | Villager (Male) |
| 9:14 | Build | Archery Range |
| 9:29 | Queue | Villager (Male) |
| 9:44 | Queue | Villager (Male) |
| 9:52 | Research | Double-Bit Axe |
| 9:55 | Queue | Archer |
| 9:59 | Build | House |
| 10:09 | Queue | Villager (Male) |
| 10:19 | Queue | Archer |
| 10:23 | Queue | Villager (Male) |
| 10:30 | Build | Palisade Wall |
| 10:37 | Queue | Archer |
| 10:39 | Queue | Skirmisher |
| 10:42 | Queue | Villager (Male) |
| 10:43 | Build | Farm |
| 10:44 | Build | Farm |
| 10:54 | Build | House |
| 10:59 | Queue | Archer |
| 11:00 | Queue | Villager (Male) |
| 11:04 | Build | House |
| 11:17 | Queue | Skirmisher |
| 11:19 | Queue | Villager (Male) |
| 11:21 | Build | Farm |
| 11:29 | Build | Farm |
| 11:35 | Build | House |
| 11:37 | Queue | Villager (Male) |
| 11:40 | Build | Palisade Wall |
| 11:42 | Build | Palisade Wall |
| 12:03 | Queue | Villager (Male) |
| 12:05 | Build | Farm |
| 12:07 | Build | Palisade Wall |
| 12:31 | Queue | Archer |
| 12:34 | Queue | Villager (Male) |
| 12:49 | Queue | Villager (Male) |
| 12:54 | Build | Blacksmith |
| 13:02 | Queue | Archer |
| 13:04 | Build | Farm |
| 13:13 | Queue | Archer |
| 13:17 | Queue | Villager (Male) |
| 13:20 | Build | Farm |
| 13:30 | Queue | Skirmisher |
| 13:32 | Build | Palisade Wall |
| 13:34 | Build | Palisade Wall |
| 13:39 | Research | Fletching |
| 13:56 | Queue | Villager (Male) |
| 13:58 | Build | Farm |
| 14:04 | Build | House |
| 14:05 | Build | Palisade Wall |
| 14:06 | Build | Palisade Wall |
| 14:24 | Queue | Villager (Male) |
| 14:28 | Queue | Villager (Male) |
| 14:51 | Queue | Archer |
| 14:51 | Queue | Villager (Male) |
| 14:54 | Build | Palisade Wall |
| 14:55 | Queue | Villager (Male) |
| 14:57 | Build | Farm |
| 14:59 | Build | Farm |
| 15:10 | Research | Padded Archer Armor |
| 15:32 | Queue | Archer |
| 15:33 | Queue | Villager (Male) |
| 15:49 | Build | Farm |
| 15:50 | Build | Farm |
| 15:51 | Build | Farm |
| 16:00 | Queue | Villager (Male) |
| 16:04 | Build | House |
| 16:05 | Queue | Villager (Male) |
| 16:07 | Build | Farm |
| 16:35 | Build | Farm |
| 16:36 | Queue | Archer |
| 16:39 | Build | Palisade Wall |
| 16:55 | Queue | Villager (Male) |
| 17:01 | Build | House |
| 17:05 | Build | Mule Cart |
| 17:06 | Queue | Archer |
| 17:19 | Queue | Spearman |
| 17:24 | Queue | Villager (Male) |
| 17:30 | Build | Market |
| 17:46 | Queue | Villager (Male) |
| 17:56 | Queue | Archer |
| 18:04 | Build | House |
| 18:27 | Research | Castle Age |
| 18:29 | Queue | Archer |
| 18:37 | Queue | Skirmisher |
| 18:53 | Build | Archery Range |
| 19:06 | Queue | Archer |
| 19:18 | Queue | Archer |
| 19:34 | Queue | Skirmisher |
| 19:34 | Queue | Skirmisher |
| 19:41 | Research | Horse Collar |
| 19:45 | Queue | Skirmisher |
| 19:49 | Queue | Skirmisher |
| 20:05 | Build | Farm |
| 20:06 | Queue | Villager (Male) |
| 20:09 | Queue | Skirmisher |
| 20:31 | Queue | Skirmisher |
| 20:44 | Queue | Skirmisher |
| 20:46 | Queue | Villager (Male) |
| 21:07 | Age | Castle Age |
| 21:09 | Research | Elite Skirmisher (upgrade) |
| 21:09 | Research | Elite Skirmisher (upgrade) |
| 21:09 | Research | Bodkin Arrow |
| 21:09 | Research | Bodkin Arrow |
| 21:12 | Queue | Villager (Male) |
| 21:21 | Build | Town Center |
| 21:24 | Queue | Archer |
| 21:30 | Research | Crossbowman (upgrade) |
| 21:30 | Research | Crossbowman (upgrade) |
| 21:33 | Queue | Archer |
| 21:33 | Queue | Skirmisher |
| 21:52 | Build | House |
| 21:56 | Queue | Villager (Male) |
| 22:01 | Queue | Villager (Male) |
| 22:03 | Queue | Archer |
| 22:04 | Queue | Archer |
| 22:29 | Queue | Villager (Male) |
| 22:34 | Build | Siege Workshop |
| 22:47 | Queue | Archer |
| 22:53 | Queue | Villager (Male) |
| 23:00 | Build | House |
| 23:04 | Build | House |
Match timeline
| 7:56 | Itz_Zenta · first_building Barracks |
| 7:56 | buddybadi · first_building Barracks |
| 8:48 | buddybadi · age_up feudal |
| 8:53 | Itz_Zenta · age_up feudal |
| 8:57 | buddybadi · first_building Archery Range |
| 9:14 | Itz_Zenta · first_building Archery Range |
| 10:30 | Itz_Zenta · wall_segment Palisade Wall x1 |
| 11:19 | buddybadi · wall_segment Palisade Wall x12 |
| 11:32 | buddybadi · wall_segment Palisade Wall x13 |
| 11:40 | Itz_Zenta · wall_segment Palisade Wall x15 |
| 11:42 | Itz_Zenta · wall_segment Palisade Wall x10 |
| 12:07 | Itz_Zenta · wall_segment Palisade Wall x8 |
| 13:30 | buddybadi · wall_segment Palisade Wall x1 |
| 13:32 | Itz_Zenta · wall_segment Palisade Wall x9 |
| 13:34 | Itz_Zenta · wall_segment Palisade Wall x18 |
| 13:39 | buddybadi · wall_segment Palisade Wall x4 |
| 14:05 | Itz_Zenta · wall_segment Palisade Wall x9 |
| 14:06 | Itz_Zenta · wall_segment Palisade Wall x1 |
| 14:54 | Itz_Zenta · wall_segment Palisade Wall x8 |
| 14:56 | buddybadi · wall_segment Palisade Wall x4 |
| 16:36 | buddybadi · wall_segment Palisade Wall x1 |
| 16:39 | Itz_Zenta · wall_segment Palisade Wall x4 |
| 17:30 | buddybadi · first_market_buy 100 food |
| 17:32 | buddybadi · first_market_sell 100 stone |
| 18:24 | Itz_Zenta · first_market_buy 100 food |
| 18:25 | Itz_Zenta · first_market_sell 100 wood |
| 19:21 | buddybadi · age_up castle |
| 19:32 | buddybadi · first_building Siege Workshop |
| 21:07 | Itz_Zenta · age_up castle |
| 21:30 | buddybadi · first_building Castle |
| 22:34 | Itz_Zenta · first_building Siege Workshop |
| 23:10 | Itz_Zenta · wall_segment Palisade Wall x1 |
| 24:46 | Itz_Zenta · first_building Monastery |
| 25:20 | buddybadi · first_building Monastery |
| 31:45 | Itz_Zenta · resign |
[ AI ANALYSIS · 1 CREDIT ]
What really happened in this match?
Wolo.gg analyzes every decision: build order, eco, micro, common mistakes by bracket. Personalized analysis on WhatsApp or Discord in 30 seconds.
Civ guide
Malay
Perfil
Jugador #8335776